Match 41013398
Unlisted

Match 41013398
End
Vickers Machine Gun Team
Construct Section Command Post
Selects Indian Artillery Battlegroup
Selects Indian Artillery Battlegroup
Selects Indian Artillery Battlegroup
Infantry Section
Infantry Section
Dingo Light Scout Car
Selects War Cry
Construct Platoon Command Post
Humber Armored Car
Selects Gurkha Rifles Section
Gurkha Rifles Section
6-pounder Anti-tank Gun Team
Construct Field Infirmary
Gurkha Rifles Section
Selects Volunteer Infantry
Construct Company Command Post
Selects Artillery Saturation
Selects Off-map Airburst Barrage
Crusader II Medium Tank
Crusader II Medium Tank
Selects BL5.5 Artillery Emplacement
Foot Guards Section
Crusader II Medium Tank
Royal Engineer Section
STALKER4732
SoyaLors
Devochkin
P1
upomoc
kiiy
0
0

Comments sign in to comment!

No comments posted yet!